 Dungeon Crawl Stone Soup version 0.31-a0-236-g9a0961fb85 (webtiles) character file.

Game seed: 7189826284066194879

84 sakkuzi the Ruffian (level 4, -2/38 HPs)
             Began as a Ghoul Monk on July 10, 2023.
             Slain by a hobgoblin (3 damage)
             ... on level 2 of the Dungeon.
             The game lasted 00:05:55 (1669 turns).

sakkuzi the Ruffian (Ghoul Monk)                    Turns: 1669, Time: 00:05:56

Health: -2/38      AC:  4    Str: 16    XL:     4   Next: 46%
Magic:  3/3        EV: 12    Int:  5    God:
Gold:   97         SH:  0    Dex: 11    Spells: 1/3 levels left

rFire   . .          .
                       - Unarmed
rCold   + . .        c - orb {light}
rNeg    + + +        a - +0 robe
rPois   ∞            (no helmet)
rElec   .            j - +0 cloak
rCorr   .            (no gloves)
SInv    .            f - +0 pair of boots
Will    .....        (no amulet)
Stlth   +            (no ring)
HPRegen 0.00/turn    (no ring)
MPRegen 0.08/turn

%: no passive effects
@: confused, inhibited regen, glowing
A: claws 1, cold resistance 1, negative energy resistance 3, inhibited
regeneration, torment resistance 2, devour on kill
a: no special abilities


You were on level 2 of the Dungeon.
You visited 1 branch of the dungeon, and saw 3 of its levels.

You collected 97 gold pieces.

Inventory:

Armour
 a - a +0 robe (worn)
 c - an orb of light (worn)
 e - a +0 plate armour
 f - a +0 pair of boots (worn)
 g - a +0 buckler
 j - a +0 cloak (worn)
Scrolls
 d - a scroll of identify {unknown}
 k - a scroll of fog {unknown}
 n - 2 scrolls of revelation {unknown}
 o - 2 scrolls of acquirement {unknown}
 p - a scroll of teleportation {unknown}
 r - a scroll of torment {unknown}
Potions
 b - a potion of ambrosia
 h - a potion of lignification {unknown}
 i - a potion of invisibility {unknown}
 l - a potion of mutation {unknown}
 m - a potion of enlightenment {unknown}
 q - a potion of degeneration {unknown}


   Skills:
 - Level 3.5 Fighting
 - Level 2.9 Dodging
 * Level 5.2 Unarmed Combat


You had one spell level left.
You knew the following spells:

 Your Spells              Type           Power      Damage    Failure   Level
a - Necrotise             Necr           0%         1d4       47%         1
b - Sting                 Tmut/Pois      0%         1d3       47%         1

Your spell library contained the following spells:

 Spells                   Type           Power      Damage    Failure   Level
 Poisonous Vapours        Pois/Air       0%         N/A       63%         2
 Vampiric Draining        Necr           0%         2d6       85%         3
 Olgreb's Toxic Radiance  Pois           0%         N/A       99%         4
 Agony                    Necr           0%         N/A       100%        5
 Summon Hydra             Summ           0%         N/A       100%        7
 Sublimation of Blood     Necr           Unusable   N/A       N/A         2
 Wereblood                Tmut           Unusable   N/A       N/A         2

Dungeon Overview and Level Annotations

Branches:
Dungeon (3/15)

Altars:


Innate Abilities, Weirdness & Mutations

You are immune to poison.
You have sharp fingernails.
Your flesh is cold resistant. (rC+)
You are immune to negative energy. (rN+++)
You do not regenerate when monsters are visible.
You are immune to unholy pain and torment.
You thrive by killing the living.


Message History

The ball python bites you. The ball python constricts you.
You scratch the ball python.
You kill the ball python!
You feel better.
An orc priest comes into view. It is wielding a +0 dagger.
The orc closely misses you. The hobgoblin closely misses you.
The hobgoblin hits you but does no damage.
The orc hits you with a +0 whip.
The orc wizard hits you with a +0 dagger.
The orc misses you. The hobgoblin misses you. The orc misses you.
The hobgoblin hits you. The orc wizard closely misses you.
The orc hits you with a +0 whip. The orc hits you but does no damage.
You climb upwards.
There is a stone staircase leading down here.
You claw the hobgoblin!
You kill the hobgoblin!
You feel better. The orc closely misses you. The hobgoblin closely misses you.
The orc hits you with a +0 war axe!
* * * LOW HITPOINT WARNING * * *
The orc barely misses you. The orc wizard casts a spell at you.
You are confused.
The orc attacks as you move away! The orc barely misses you.
The orc wizard attacks as you move away!
The orc wizard hits you with a +0 dagger.
* * * LOW HITPOINT WARNING * * *
The hobgoblin closely misses you. The orc misses you.
You see here a hobgoblin corpse.
You barely miss the orc. The orc hits you with a +0 whip.
* * * LOW HITPOINT WARNING * * *
The hobgoblin barely misses you. The orc completely misses you.
The orc closely misses you. The orc wizard misses you.
The hobgoblin hits you but does no damage.
The hobgoblin hits you.
* * * LOW HITPOINT WARNING * * *
The orc wizard mumbles some strange words.
The orc wizard flickers and vanishes for a moment.
The hobgoblin attacks as you move away! The hobgoblin hits you.
You die...

..##.#.## #.######### ###...
.##..#..# #.........# ###....#
.##.###.## #########.###.†...##
##..#.#..### ##'.......##
...##.##...#### #.......###
)###...###....#######.....###
.....8..(####.......#..##########
.###...###....#####....(# #.....
...##.##...####.@oo##...# #.####
##..#.#..####.#.#go.#...# #.#
###.###.###<..#.#.o.#...# #.# #
..#..#..# #.#.#..[..#...# #.# #
#.##.#.## #.#....#####.#####'## #
...#.#.# #.####.......# #....# #
#..#...# #.# ######### #....###
#..##.### #.# #....'.#
#####.#.###.# ########....#.#


You could see an orc wizard (invisible), 3 orcs and a hobgoblin.

Vanquished Creatures
  3 adders (D:2)
  2 dart slugs (D:2)
  An orc (D:2)
  4 ball pythons
  5 bats
  5 endoplasms
  A giant cockroach (D:1)
  8 goblins
  8 hobgoblins
  2 kobolds
  A quokka (D:2)
  3 frilled lizards
  5 rats
48 creatures vanquished.

Notes
Turn   | Place    | Note
-------+----------+-------------------------------------------
     0 | D:1      | sakkuzi the Ghoul Monk began the quest for the Orb.
     0 | D:1      | Reached XP level 1. HP: 19/19 MP: 0/0
   133 | D:1      | Reached XP level 2. HP: 23/26 MP: 1/1
   302 | D:1      | Reached skill level 4 in Unarmed Combat
   343 | D:1      | Reached XP level 3. HP: 31/31 MP: 2/2
   820 | D:2      | Reached XP level 4. HP: 38/38 MP: 3/3
   852 | D:2      | Learned a level 1 spell: Necrotise
   953 | D:2      | Reached skill level 5 in Unarmed Combat
  1620 | D:2      | Learned a level 1 spell: Sting
  1668 | D:2      | HP: 1/38 [hobgoblin (4)]
  1669 | D:2      | Slain by a hobgoblin

Illustrated notes

Levels and vault maps discovered:
D:1:      dpeg_arrival_oval, layout_basic
D:2:      minmay_general_purpose_star, layout_basic, serial_curves,
          eino_curves_01, eino_curves_01, eino_curves_03, minivault_14
D:3:      cheibrodos_pilgrimage, layout_rooms,
          mainiacjoe_overflow_surrounded_room, gammafunk_ghost_gnarly_gnolls,
          uniq_robin, uniq_jessica

Skill      XL: |  1  2  3  4 |
---------------+-------------+-----
Unarmed Combat | 4 5 |  5.2
Fighting       | |  3.5
Dodging        | |  2.9

Action                     |  1- 3 |  4- 6 || total
---------------------------+-------+-------++-------
  Melee: Unarmed           |    72 |    42 ||   114
 Armour: Plate armour      |    59 |     6 ||    65
         Robe              |     2 |    17 ||    19
  Dodge: Dodged            |    20 |    43 ||    63

Table legend: (Time is in decaauts)
 A = Elapsed time spent in this place.
 B = Non-inter-level travel time spent in this place.
 C = Inter-level travel time spent in this place.
 D = Time resting spent in this place.
 E = Time spent auto-exploring this place.
 F = Levels seen in this place.
 G = Mean time per level.
                   A        B        C        D        E       F      G
               +--------+--------+--------+--------+--------+-----+--------+
         Total |   1660 |   1660 |      0 |      0 |   1001 |   3 |  553.3 |
       Dungeon |   1660 |   1660 |      0 |      0 |   1001 |   3 |  553.3 |
               +--------+--------+--------+--------+--------+-----+--------+

Top non-repeatable levels by time:
     D:2: 904 daAuts
     D:1: 747 daAuts
     D:3: 9 daAuts
